 Dungeon Crawl Stone Soup version 0.19.1-1-g22dce08 (webtiles) character file.

75 Macro the Charmwright (level 4, -4/29 HPs)
             Began as a Halfling Skald on Jan 13, 2017.
             Killed from afar by Sigmund (8 damage)
             ... with a magic dart
             ... on level 4 of the Dungeon.
             The game lasted 00:18:58 (1631 turns).

Macro the Charmwright (Halfling Skald)              Turns: 1631, Time: 00:18:58

Health: -4/29      AC:  5    Str: 14    XL:     4   Next: 55%
Magic:  7/7        EV: 14    Int: 10    God:
Gold:   129        SH:  0    Dex: 13    Spells: 3 memorised, 2 levels left

rFire  . . .     SeeInvis .     r - +0 rapier
rCold  . . .     Gourm    .     b - +0 leather armour
rNeg   . . .     Faith    .     (shield restricted)
rPois  .         Spirit   .     (no helmet)
rElec  .         Reflect  .     k - +1 cloak
rCorr  .         Harm     .     (no gloves)
MR     .....                    (no boots)
Stlth  +.........               i - amulet of rage
                                (no ring)
                                p - ring of wizardry

@: lethally poisoned (-4 -> -15), singing
A: mutation resistance 1
a: Stop Singing, Evoke Berserk Rage


You were on level 4 of the Dungeon.
You were not hungry.

You visited 1 branch of the dungeon, and saw 4 of its levels.

You collected 129 gold pieces.

Inventory:

Hand Weapons
 a - a +0 short sword
 r - a +0 rapier (weapon)
Armour
 b - a +0 leather armour (worn)
 e - a +0 robe
 k - a +1 cloak (worn)
 m - a +0 buckler
 u - a +0 shield
Jewellery
 i - an amulet of rage (around neck)
 p - a ring of wizardry (left hand)
Scrolls
 d - a scroll of immolation {unknown}
 f - 2 scrolls of teleportation
 h - a scroll of amnesia {unknown}
 j - a scroll of remove curse
 l - 2 scrolls of identify {unknown}
 q - a scroll of random uselessness {unknown}
Potions
 n - a potion of invisibility {unknown}
 s - a potion of brilliance {unknown}
 w - a potion of flight {unknown}
 x - a potion of curing {unknown}
Books
 c - a book of Battle

   Spells                             Type                      Level
   a - Infusion                       Charms                       1
   b - Shroud of Golubria             Charms/Translocation         2
   c - Song of Slaying                Charms                       2
   d - Spectral Weapon                Hexes/Charms                 3
   e - Regeneration                   Charms/Necromancy            3
 y - a book of Cantrips

   Spells                             Type                      Level
   a - Confusing Touch                Hexes                        1
   b - Animate Skeleton               Necromancy                   1
   c - Summon Small Mammal            Summoning                    1
   d - Apportation                    Translocation                1
Comestibles
 o - a meat ration
 v - a bread ration


   Skills:
 + Level 2.2 Fighting
 + Level 3.1 Short Blades
 + Level 1.7 Armour
 + Level 1.7 Dodging
 + Level 0.2 Stealth
 + Level 2.1 Spellcasting
 + Level 3.8 Charms


You had 2 spell levels left.
You knew the following spells:

 Your Spells              Type           Power        Failure   Level  Hunger
a - Infusion              Chrm           #...         4%          1    ##.....
b - Song of Slaying       Chrm           #.......     6%          2    ###....
c - Shroud of Golubria    Chrm/Tloc      #.........   12%         2    ###....


Dungeon Overview and Level Annotations

Branches:
Dungeon (4/15)
 Temple: D:4-7

Altars:
Okawaru
Sif Muna
Uskayaw

Annotations:
D:4 Sigmund


Innate Abilities, Weirdness & Mutations

You are small and have problems with some larger weapons.
You are somewhat resistant to further mutation.


Message History

You hit Sigmund.
Sigmund is heavily wounded.
You feel sick. Sigmund closely misses you.
You barely miss Sigmund.
Sigmund is heavily wounded.
You feel sick. Sigmund misses you.
You hit Sigmund.
Sigmund is heavily wounded.
You feel sick.
Your leather armour prevents you from hitting Sigmund.
Sigmund is heavily wounded.
You feel sick.
Sigmund hits you with a scythe of venom!
* * * LOW HITPOINT WARNING * * *
It was a potion of magic.
Magic courses through your body.
* * * LOW HITPOINT WARNING * * *
You feel sick. Sigmund gestures at you while chanting. The magic dart hits you!
You die...

#....#..#..#
#.._.#..#..#
##...#((#..#
#...####.##
##.......#
##.##†### #.##.#
#.##.#
#.##@######
#..@.=......
#...o........
.....##?#######.
....## #.# ..#
#.# . #.# #..
...


You could see Sigmund, 2 dancing weapons and an orc.

Vanquished Creatures
  2 adders
  An adder skeleton (D:4)
  A worm (D:3)
  2 dart slugs
  2 leopard geckos
  A ball python (D:3)
  2 bats
  8 hobgoblins
  3 frilled lizards
  8 goblins
  6 kobolds
  12 rats (D:1)
48 creatures vanquished.

Notes
Turn   | Place    | Note
-------+----------+-------------------------------------------
     0 | D:1      | Macro the Halfling Skald began the quest for the Orb.
     0 | D:1      | Reached XP level 1. HP: 14/14 MP: 3/3
   142 | D:1      | Reached XP level 2. HP: 13/19 MP: 1/4
   146 | D:1      | Learned a level 2 spell: Song of Slaying
   564 | D:1      | Reached XP level 3. HP: 24/24 MP: 5/5
   911 | D:1      | Learned a level 2 spell: Shroud of Golubria
  1081 | D:2      | You fall through a shaft!
  1122 | D:3      | Reached XP level 4. HP: 26/29 MP: 7/7
  1283 | D:3      | Found an iron altar of Okawaru.
  1488 | D:3      | Found a deep blue altar of Sif Muna.
  1596 | D:4      | Found a hide-covered altar of Uskayaw.
  1596 | D:4      | Noticed a hand axe
  1596 | D:4      | Noticed a hand axe
  1601 | D:4      | Noticed Sigmund
  1631 | D:4      | Killed from afar by Sigmund

Skill      XL: |  1  2  3  4 |
---------------+-------------+-----
Fighting       | 2 |  2.2
Spellcasting   | 2 |  2.1
Short Blades   | 3 |  3.1
Armour         | |  1.7
Dodging        | |  1.7
Stealth        | |  0.2
Charms         | |  3.8

Action                   |  1- 3 |  4- 6 || total
-------------------------+-------+-------++-------
Melee: Short sword       |   114 |    13 ||   127
       Rapier            |       |    35 ||    35
 Cast: Infusion          |    12 |     4 ||    16
       Song of Slaying   |     4 |     1 ||     5
  Use: Scroll            |     4 |       ||     4
       Potion            |       |     1 ||     1
  Eat: Bread ration      |       |     1 ||     1
Armor: Leather armour    |    22 |    14 ||    36
Dodge: Dodged            |    60 |    43 ||   103
